 Dungeon Crawl Stone Soup version 0.23.2-33-g5129a83184 (webtiles) character file.

Game seed: 16752074145999191876

239 Jukra the Cudgeler (level 5, -3/48 HPs)
             Began as a Minotaur Berserker on July 21, 2019.
             Was a Believer of Trog.
             Killed from afar by an orc wizard (13 damage)
             ... with a puff of flame
             ... on level 3 of the Dungeon.
             The game lasted 00:04:03 (1143 turns).

Jukra the Cudgeler (Minotaur Berserker)             Turns: 1143, Time: 00:04:04

Health: -3/48      AC:  7    Str: 22    XL:     5   Next: 79%
Magic:  4/4        EV: 12    Int:  4    God:    Trog [**....]
Gold:   130        SH:  0    Dex: 10    Spells: 4/4 levels left

rFire    . . .     SeeInvis .   a - +0 mace
rCold    . . .     Gourm    .   (no shield)
rNeg     . . .     Faith    .   h - +0 ring mail
rPois    .         Spirit   .   (helmet restricted)
rElec    .         Reflect  .   (no cloak)
rCorr    .         Harm     .   k - +0 pair of gloves
MR       .....                  (no boots)
Stlth    +.........             (no amulet)
HPRegen  0.16/turn              (no ring)
MPRegen  0.09/turn              (no ring)

@: berserk cooldown, slowed, very slow
A: retaliatory headbutt, horns 2
a: Berserk, Trog's Hand, Renounce Religion


You were on level 3 of the Dungeon.
You worshipped Trog.
Trog was pleased with you.
You were hungry.

You visited 1 branch of the dungeon, and saw 3 of its levels.

You collected 130 gold pieces.

Inventory:

Hand Weapons
 a - a +0 mace (weapon)
Armour
 b - a +0 animal skin
 h - a +0 ring mail (worn)
 k - a +0 pair of gloves (worn)
Jewellery
 l - an uncursed ring of fire {unknown}
Scrolls
 d - 2 scrolls of amnesia {unknown}
 f - a scroll of teleportation {unknown}
 g - 3 scrolls of identify {unknown}
 i - a scroll of remove curse {unknown}
 j - a scroll of magic mapping {unknown}
 m - 3 scrolls of random uselessness {unknown}
Potions
 e - a potion of berserk rage {unknown}
Comestibles
 c - 2 rations
 n - a chunk of flesh


   Skills:
 + Level 5.1 Fighting
 + Level 5.4 Maces & Flails
 + Level 3.8 Armour
 + Level 3.5 Dodging
 + Level 0.3 Stealth


You had 4 spell levels left.
You didn't know any spells.
Your spell library was empty.

Dungeon Overview and Level Annotations

Branches:
Dungeon (3/15)

Altars:


Innate Abilities, Weirdness & Mutations

You reflexively headbutt those who attack you in melee.
You have a pair of horns on your head.


Message History

a +0 dagger; a +0 robe You completely miss the orc.
The orc barely misses you. x3
You furiously retaliate!
You headbutt the orc!
You kill the orc!
Trog accepts your kill.
You hit the orc. Your headbutt misses the orc.
The orc is lightly wounded.
The orc closely misses you. The orc hits you with a +0 hand axe.
* * * LOW HITPOINT WARNING * * *
The orc closely misses you. x2
You barely miss the orc wizard. You headbutt the orc wizard!
The orc wizard is heavily wounded.
The orc wizard points at you and mumbles some strange words.
You resist with some effort. The orc barely misses you.
The orc closely misses you. You furiously retaliate!
You headbutt the orc!
You kill the orc!
Trog accepts your kill. The orc wizard casts a spell at you.
The puff of flame hits you!
You die...

########
#.....<##
#.......#
##.####..# #
......#..##.#
#.......#
#.####o)####
#....)o@#
#.....?.#
#########


You could see an orc wizard and an orc.

Vanquished Creatures
  An orc priest (D:3)
  2 orc wizards (D:3)
  Jessica (D:2)
  Natasha (thrice) (D:2)
  A worm (D:2)
  4 dart slugs
  3 leopard geckos
  3 orcs (D:3)
  A ball python (D:1)
  2 giant cockroaches
  4 goblins
  6 hobgoblins
  3 jackals (D:1)
  4 kobolds
  6 bats
  A frilled lizard (D:1)
  2 rats
47 creatures vanquished.

Notes
Turn   | Place    | Note
-------+----------+-------------------------------------------
     0 | D:1      | Jukra the Minotaur Berserker began the quest for the Orb.
     0 | D:1      | Reached XP level 1. HP: 19/19 MP: 0/0
   179 | D:1      | Reached XP level 2. HP: 27/27 MP: 1/1
   649 | D:2      | Reached XP level 3. HP: 33/33 MP: 2/2
   760 | D:2      | Noticed Jessica
   767 | D:2      | Killed Jessica
   767 | D:2      | Reached XP level 4. HP: 41/41 MP: 3/3
   869 | D:2      | Noticed Natasha
   876 | D:2      | Killed Natasha
   899 | D:2      | Noticed Natasha
   908 | D:2      | Killed Natasha
   922 | D:2      | Noticed Natasha
   929 | D:2      | Killed Natasha
   929 | D:2      | Reached skill level 5 in Maces & Flails
   929 | D:2      | Reached XP level 5. HP: 28/47 MP: 4/4
  1134 | D:3      | Reached ** piety under Trog
  1134 | D:3      | Reached skill level 5 in Fighting
  1143 | D:3      | Killed from afar by an orc wizard

Skill      XL: |  1  2  3  4  5 |
---------------+----------------+-----
Maces & Flails | 4 5 |  5.4
Fighting       | 4 5 |  5.1
Armour         | 3 |  3.8
Dodging        | 3 |  3.5
Stealth        | |  0.3

Action                   |  1- 3 |  4- 6 || total
-------------------------+-------+-------++-------
Melee: Mace              |    64 |    42 ||   106
       Headbutt          |    11 |     7 ||    18
Invok: Berserk           |     1 |     1 ||     2
  Eat: Chunk             |       |     2 ||     2
Armor: Animal skin       |     4 |       ||     4
       Ring mail         |    19 |    15 ||    34
Dodge: Dodged            |    52 |    48 ||   100
